 Dungeon Crawl Stone Soup version 0.27-a0-1123-g2f9bb313c0 (webtiles) character file.

Game seed: 11449903313146921923

25 Zeld the Shield-Bearer (level 3, -2/26 HPs)
             Began as an Octopode Fighter on May 4, 2021.
             Slain by a jackal (3 damage)
             ... on level 1 of the Dungeon.
             The game lasted 00:01:02 (726 turns).

Zeld the Shield-Bearer (Octopode Fighter)            Turns: 726, Time: 00:01:03

Health: -2/26      AC:  1    Str: 16    XL:     3   Next: 4%
Magic:  3/3        EV: 11    Int: 10    God:
Gold:   52         SH:  8    Dex: 11    Spells: 2/2 levels left

rFire    . . .     SeeInvis .   a - +0 war axe
rCold    . . .     Faith    .   b - +0 kite shield
rNeg     . . .     Spirit   .   (helmet restricted)
rPois    .         Reflect  .   (no amulet)
rElec    .         Harm     .   (no ring)
rCorr    .         Rampage  .   (no ring)
Will     .....                  (no ring)
Stlth    ++........             (no ring)
HPRegen  0.08/turn              (no ring)
MPRegen  0.08/turn              (no ring)
                                (no ring)
                                (no ring)

@: no status effects
A: almost no armour, amphibious, 8 rings, camouflage 1, gelatinous body 1,
(nimble swimmer 1), tentacles
a: no special abilities


You were on level 1 of the Dungeon.
You visited 1 branch of the dungeon, and saw 1 of its levels.

You collected 52 gold pieces.

Inventory:

Hand Weapons
 a - a +0 war axe (weapon)
Armour
 b - a +0 kite shield (worn)
Scrolls
 d - a scroll of enchant weapon {unknown}
 e - a scroll of identify {unknown}
Potions
 c - a potion of might


   Skills:
 + Level 3.3 Fighting
 * Level 2.7 Axes
 - Level 3.0 Dodging
 + Level 3.3 Shields


You had 2 spell levels left.
You didn't know any spells.
Your spell library was empty.

Dungeon Overview and Level Annotations

Branches:
Dungeon (1/15)

Altars:


Innate Abilities, Weirdness & Mutations

You cannot wear most types of armour.
You are amphibious.
You can wear up to eight rings at the same time.
Your skin changes colour to match your surroundings (Stealth+).
Your rubbery body absorbs attacks. (AC +1, EV +1)
((You are camouflaged near water. (Stealth+)))
You have tentacles for arms and can constrict up to eight enemies at once.


Message History

The jackal bites you but does no damage.
The jackal bites you. The hobgoblin barely misses you. The jackal bites you.
You block the jackal's attack.
You closely miss the jackal. You grab the jackal. You squeeze the jackal.
The jackal is severely wounded.
You slash the jackal!
You kill the jackal!
You hit the jackal. You closely miss the hobgoblin.
You hit the jackal but do no damage. You constrict the jackal.
You kill the jackal!
The jackal bites you. You block the hobgoblin's attack.
The jackal closely misses you. x2; You block the hobgoblin's attack.
The jackal closely misses you. The jackal bites you.
You have reached level 3!
Your experience leads to an increase in your attributes!
Increase (S)trength, (I)ntelligence, or (D)exterity?
You feel stronger.
You are too injured to fight recklessly!
You are too injured to fight recklessly!
You slash the hobgoblin!
You kill the hobgoblin!
You hit the jackal. x2; You completely miss the jackal.
You barely miss the jackal. You closely miss the jackal. The jackal bites you.
You block the jackal's attack. The jackal barely misses you.
You block the jackal's attack. The jackal bites you.
The jackal barely misses you. The jackal bites you.
* * * LOW HITPOINT WARNING * * *
The jackal barely misses you. x2; The jackal bites you.
* * * LOW HITPOINT WARNING * * *
You hit the jackal. Your grab misses the jackal.
The jackal is almost dead.
You hit the jackal. You miss the jackal. You hit the jackal.
You barely miss the jackal. The jackal bites you.
* * * LOW HITPOINT WARNING * * *
You block the jackal's attack. x2; The jackal bites you.
* * * LOW HITPOINT WARNING * * *
The jackal bites you.
* * * LOW HITPOINT WARNING * * *
The jackal misses you. The jackal bites you.
You die...

#.# #......# #.#
#####......# #.#
...........# #.#
....$......###########.#
........(>.+...†........
...........###########.#
......h†h..# #.#
......h@h..# #.#
.....(.†h..# #.#
#########'## #.. #.# ###
#.# # #.# # #.# # #.# #
#.# #


You could see 5 jackals.

Vanquished Creatures
  A dart slug (D:1)
  An endoplasm (D:1)
  2 giant cockroaches (D:1)
  A goblin (D:1)
  3 hobgoblins (D:1)
  5 jackals (D:1)
  A quokka (D:1)
  2 ball pythons (D:1)
  A bat (D:1)
  2 frilled lizards (D:1)
  A kobold (D:1)
20 creatures vanquished.

Notes
Turn   | Place    | Note
-------+----------+-------------------------------------------
     0 | D:1      | Zeld the Octopode Fighter began the quest for the Orb.
     0 | D:1      | Reached XP level 1. HP: 16/16 MP: 1/1
   275 | D:1      | Reached XP level 2. HP: 21/21 MP: 2/2
   725 | D:1      | Reached XP level 3. HP: 11/26 MP: 3/3
   726 | D:1      | HP: 1/26 [jackal (1)]
   726 | D:1      | Slain by a jackal

Illustrated notes

Levels and vault maps discovered:
D:1:      onia_arrival_pyramid, layout_basic

Action                   || total
-------------------------++-------
Melee: War axe           ||    31
       Tentacles         ||     7
       Constrict         ||     6
 Stab: Sleeping          ||     3
Armor: Skin              ||     6
Dodge: Dodged            ||    26
Block: Kite shield       ||    16

Table legend: (Time is in decaauts)
 A = Elapsed time spent in this place.
 B = Non-inter-level travel time spent in this place.
 C = Inter-level travel time spent in this place.
 D = Time resting spent in this place.
 E = Time spent auto-exploring this place.
 F = Levels seen in this place.
 G = Mean time per level.
                   A        B        C        D        E       F      G
               +--------+--------+--------+--------+--------+-----+--------+
         Total |    744 |    744 |      0 |      0 |    631 |   1 |  744.0 |
       Dungeon |    744 |    744 |      0 |      0 |    631 |   1 |  744.0 |
               +--------+--------+--------+--------+--------+-----+--------+

Top non-repeatable levels by time:
     D:1: 744 daAuts
